 Dungeon Crawl Stone Soup version 0.30.0-29-ga12c61a403 (webtiles) character file.

Game seed: 8047150577921995456

104 porpoise the Shooter (level 4, -7/37 HPs)
             Began as a Barachi Hunter on June 18, 2023.
             Mangled by a gnoll
             ... wielding a +3 flail
              (11 damage)
             ... on level 3 of the Dungeon.
             The game lasted 00:05:46 (1813 turns).

porpoise the Shooter (Barachi Hunter)               Turns: 1813, Time: 00:05:47

Health: -7/37      AC:  5    Str: 12    XL:     4   Next: 80%
Magic:  4/4        EV: 12    Int: 10    God:
Gold:   90         SH:  0    Dex: 17    Spells: 3/3 levels left

rFire   . . .        a - +0 shortbow
rCold   . . .        (shield currently unavailable)
rNeg    . . .        c - +0 leather armour
rPois   .            o - +2 hat
rElec   .            (no cloak)
rCorr   .            (no gloves)
SInv    .            (no boots)
Will    .....        (no amulet)
Stlth   ++           (no ring)
HPRegen 0.26/turn    (no ring)
MPRegen 0.09/turn

%: no passive effects
@: slow
A: amphibious, slowness 1, strong legs 1, +LOS
a: Hop


You were on level 3 of the Dungeon.
You visited 1 branch of the dungeon, and saw 3 of its levels.

You collected 90 gold pieces.

Inventory:

Hand Weapons
 a - a +0 shortbow (weapon)
 b - the +10 dagger "Seuhiv" {protect, Fly}
   (You took it off a goblin on level 2 of the Dungeon)

   Fly:       It grants you flight.
Missiles
 l - 2 boomerangs of dispersal
 r - 6 boomerangs
 s - 2 silver javelins
 t - 3 poisoned darts
Armour
 c - a +0 leather armour (worn)
 n - a +0 ring mail
 o - a +2 hat (worn)
Jewellery
 k - an amulet of faith
Wands
 u - a wand of light (9)
Scrolls
 e - a scroll of magic mapping {unknown}
 g - a scroll of noise
 h - a scroll of poison {unknown}
 m - a scroll of teleportation
 v - a scroll of vulnerability {unknown}
 w - 3 scrolls of immolation
 x - a scroll of fog {unknown}
Potions
 d - a potion of curing
 f - a potion of flight
 i - a potion of attraction
 j - 2 potions of lignification
 p - a potion of mutation
 q - a potion of ambrosia


   Skills:
 + Level 3.8 Fighting
 * Level 5.4 Ranged Weapons
 - Level 2.1 Dodging
 - Level 0.8 Stealth


You had 3 spell levels left.
You didn't know any spells.
Your spell library was empty.

Dungeon Overview and Level Annotations

Branches:
Dungeon (3/15)

Altars:


Innate Abilities, Weirdness & Mutations

You are amphibious.
You cover ground slowly.
You can hop short distances.
You have an extended range of vision and can be seen from far away.


Message History

The arrow hits the gnoll but does no damage.
The adder closely misses you. The gnoll barely misses you.
The adder barely misses you.
A gnoll comes into view. It is wielding a +0 club.
The gnoll hits you from afar with a +2 spear of flaming.
The gnoll burns you.
You shoot an arrow.
The arrow hits the adder but does no damage.
The adder is almost dead.
The adder closely misses you.
The gnoll hits you from afar with a +2 spear of flaming.
The gnoll burns you. The adder closely misses you.
You shoot an arrow. The arrow closely misses the adder.
The arrow hits the gnoll.
The gnoll is moderately wounded.
The adder misses you.
The gnoll hits you from afar with a +2 spear of flaming.
The gnoll burns you.
You are too injured to fight recklessly!
You are too injured to fight recklessly!
You are too injured to fight recklessly!
The adder closely misses you.
The gnoll hits you from afar with a +2 spear of flaming.
* * * LOW HITPOINT WARNING * * *
The gnoll burns you.
* * * LOW HITPOINT WARNING * * *
The adder barely misses you. The adder misses you. The gnoll barely misses you.
You shoot an arrow. The arrow hits the adder!
You kill the adder!
The gnoll hits you from afar with a +2 spear of flaming.
* * * LOW HITPOINT WARNING * * *
The gnoll burns you.
* * * LOW HITPOINT WARNING * * *
The gnoll hits you but does no damage.
You shoot an arrow. The arrow closely misses the gnoll.
The arrow hits the gnoll!
You kill the gnoll!
The gnoll hits you with a +3 flail!
You die...

.)# #. #.. ... ...
.# #. .. ... ... .
.. #. #.# #†#.# #.
#. ###.# #.#. #. #.
#.g.# #.. #. #. #.#
#)#.#####.###.
#.#####)#......#....
#bg@....#######.####
####............#
##############


You could see a gnoll and a bat.

Vanquished Creatures
  A gnoll (D:3)
  5 adders
  2 dart slugs (D:1)
  2 orcs (D:3)
  4 bats
  3 endoplasms (D:1)
  2 giant cockroaches
  3 goblins
  8 hobgoblins
  4 jackals (D:1)
  3 quokkas
  4 ball pythons
  A frilled lizard (D:1)
  4 kobolds
  5 rats
51 creatures vanquished.

Notes
Turn   | Place    | Note
-------+----------+-------------------------------------------
     0 | D:1      | porpoise the Barachi Hunter began the quest for the Orb.
     0 | D:1      | Reached XP level 1. HP: 17/17 MP: 1/1
   146 | D:1      | Reached XP level 2. HP: 20/23 MP: 2/2
   435 | D:1      | Reached XP level 3. HP: 29/29 MP: 3/3
  1079 | D:2      | Reached skill level 5 in Ranged Weapons
  1217 | D:2      | Reached XP level 4. HP: 26/35 MP: 4/4
  1254 | D:2      | Found a faded altar of an unknown god.
  1527 | D:2      | Identified the +10 dagger "Seuhiv" {protect, Fly}
  1813 | D:3      | Mangled by a gnoll

Illustrated notes

Levels and vault maps discovered:
D:1:      wheals_arrival_linesprint, layout_basic, minmay_small_reverse_x
D:2:      layout_basic, hellmonk_ecumenical_altar_run_dry,
          kennysheep_small_spiral
D:3:      layout_loops_ring, fedhas_altar_2, uniq_robin

Skill      XL: |  1  2  3 |
---------------+----------+-----
Fighting       | 3 |  3.8
Ranged Weapons | 5 |  5.4
Dodging        | |  2.1
Stealth        | |  0.8

Action                     |  1- 3 |  4- 6 || total
---------------------------+-------+-------++-------
   Fire: Shortbow          |    96 |    42 ||   138
    Use: Scroll            |       |     8 ||     8
 Armour: Leather armour    |    14 |     4 ||    18
  Dodge: Dodged            |    41 |    18 ||    59
